SL
TOLEDO TITANS @ ATLANTA SMOKE
05/18/2018
 
TOP OF THE 1ST
Toledo Titans batting - Pitching for Atlanta Smoke : LHP Jesús Martínez
Pitching: LHP Jesús Martínez
Batting: LHB Nathan Santos 0-0: Ball
1-0: Called Strike
1-1: Ball
2-1: Ball
3-1: Base on Balls
Batting: LHB David Martínez 0-0: Ball
1-0: Ball
2-0: DOUBLE (Flyball, 89M)
Nathan Santos to third
Runner from 3rd tries for Home, SAFE, no throw or cutoff
Batting: LHB Michael Neely 0-0: Ground out 3-1 (Groundball, 34)
David Martínez to third
Batting: RHB Enrique Pérez 0-0: Called Strike
0-1: Ground out 5-3 (Groundball, 5)
Batting: LHB Herman Hayes 0-0: Called Strike
0-1: SINGLE (Line Drive, 34)
David Martínez scores
Batting: LHB Salvador Vidal 0-0: Ball
1-0: Called Strike
1-1: DOUBLE (Line Drive, 7D)
Herman Hayes to third
Batting: RHB Sherman Davis 0-0: Called Strike
0-1: Ball
1-1: Foul Ball, location: 2F
1-2: Foul Ball, location: 2F
1-2: Foul Ball, location: 2F
1-2: Ball
2-2: Foul Ball, location: 2F
2-2: Foul Ball, location: 2F
2-2: Ground out 5-3 (Groundball, 15S)
Top of the 1st over - 2 run(s), 3 hit(s), 0 error(s), 2 left on base; Toledo 2 - Atlanta 0
BOTTOM OF THE 1ST
Atlanta Smoke batting - Pitching for Toledo Titans : RHP Ryoichi Maruyama
Pitching: RHP Ryoichi Maruyama
Batting: LHB Egidio Agnolutto 0-0: Bunted foul
0-1: Ball
1-1: Ball
2-1: Called Strike
2-2: Fly out, F7 (Flyball, 78S)
Batting: RHB Júlio Castillo 0-0: Ball
1-0: Called Strike
1-1: SINGLE (Groundball, 4M)
Batting: RHB Chris Smith 0-0: Ball
1-0: Ball
2-0: Called Strike
2-1: Called Strike
2-2: Foul Ball, location: 2F
2-2: Ball
3-2: Base on Balls
Júlio Castillo to second
Batting: LHB Armando Esparza 0-0: Ball
1-0: Ball
2-0: Ball
3-0: Foul Ball, location: 2F
3-1: Foul Ball, location: 2F
3-2: Fielders Choice at 2nd, 4-6 (Groundball, 4)
Júlio Castillo to third
Batting: RHB Nate Cates 0-0: Called Strike
0-1: Ball
1-1: Ball
2-1: Ground out 6-3 (Groundball, 6)
Bottom of the 1st over - 0 run(s), 1 hit(s), 0 error(s), 2 left on base; Toledo 2 - Atlanta 0
TOP OF THE 2ND
Toledo Titans batting - Pitching for Atlanta Smoke : LHP Jesús Martínez
Batting: RHB Ray Porch 0-0: Foul Ball, location: 2F
0-1: Ball
1-1: Ball
2-1: Ground out 6-3 (Groundball, 6)
Batting: SHB Ryoichi Maruyama 0-0: Called Strike
0-1: Called Strike
0-2: Ground out 4-3 (Groundball, 4)
Batting: LHB Nathan Santos 0-0: Called Strike
0-1: Ball
1-1: Foul Ball, location: 2F
1-2: Foul Ball, location: 2F
1-2: Fly out, F3 (Popup, 3SF)
Top of the 2nd over - 0 run(s), 0 hit(s), 0 error(s), 0 left on base; Toledo 2 - Atlanta 0
BOTTOM OF THE 2ND
Atlanta Smoke batting - Pitching for Toledo Titans : RHP Ryoichi Maruyama
Batting: LHB Roberto Rodríguez 0-0: Ball
1-0: SOLO HOME RUN (Flyball, 9D), Distance : 385 ft
Batting: RHB Mal Bussard 0-0: Ground out 6-3 (Groundball, 6)
Batting: LHB Mike Blue 0-0: Ball
1-0: Ball
2-0: Called Strike
2-1: Foul Ball, location: 2F
2-2: Ball
3-2: Base on Balls
Batting: LHB Jesús Martínez 0-0: Ball
Throwing error on steal attempt, E2
Mike Blue to third
1-0: Ball
2-0: Called Strike
2-1: Ground out 6-3 (Groundball, 6M)
Mike Blue scores
Batting: LHB Egidio Agnolutto 0-0: Called Strike
0-1: Ball
1-1: Called Strike
1-2: Ball
2-2: SINGLE (Line Drive, 34)
Batting: RHB Júlio Castillo 0-0: Foul Ball, location: 2F
0-1: Foul Ball, location: 2F
0-2: Fielders Choice at 2nd, U6 (Groundball, 6M)
Bottom of the 2nd over - 2 run(s), 2 hit(s), 1 error(s), 1 left on base; Toledo 2 - Atlanta 2
TOP OF THE 3RD
Toledo Titans batting - Pitching for Atlanta Smoke : LHP Jesús Martínez
Batting: LHB David Martínez 0-0: Called Strike
0-1: Swinging Strike
0-2: Ball
1-2: Strikes out looking
Batting: LHB Michael Neely 0-0: Swinging Strike
0-1: Swinging Strike
0-2: Strikes out swinging
Batting: RHB Enrique Pérez 0-0: Foul Ball, location: 2F
0-1: Called Strike
0-2: Ball
1-2: Strikes out swinging
Top of the 3rd over - 0 run(s), 0 hit(s), 0 error(s), 0 left on base; Toledo 2 - Atlanta 2
BOTTOM OF THE 3RD
Atlanta Smoke batting - Pitching for Toledo Titans : RHP Ryoichi Maruyama
Batting: RHB Chris Smith 0-0: Called Strike
0-1: Ball
1-1: Ground out 1-3 (Groundball, 15)
Batting: LHB Armando Esparza 0-0: Ball
1-0: Ground out 4-3 (Groundball, 34)
Batting: RHB Nate Cates 0-0: Foul Ball, location: 2F
0-1: Foul Ball, location: 2F
0-2: Strikes out looking
Bottom of the 3rd over - 0 run(s), 0 hit(s), 0 error(s), 0 left on base; Toledo 2 - Atlanta 2
TOP OF THE 4TH
Toledo Titans batting - Pitching for Atlanta Smoke : LHP Jesús Martínez
Batting: LHB Herman Hayes 0-0: Called Strike
0-1: DOUBLE (Flyball, 9D)
Batting: LHB Salvador Vidal 0-0: Called Strike
0-1: Ball
1-1: Called Strike
1-2: Ball
2-2: Ball
3-2: Ground out 6-3 (Groundball, 6S)
Herman Hayes to third
Batting: RHB Sherman Davis 0-0: Ball
1-0: Ball
2-0: Ball
3-0: Base on Balls
Batting: RHB Ray Porch 0-0: Called Strike
Throwing error on steal attempt, E2
Herman Hayes scores
Sherman Davis to third
0-1: Fly out, F4 (Line Drive, 34)
Batting: SHB Ryoichi Maruyama 0-0: Ground out 5-3 (Groundball, 5S)
Top of the 4th over - 1 run(s), 1 hit(s), 1 error(s), 1 left on base; Toledo 3 - Atlanta 2
BOTTOM OF THE 4TH
Atlanta Smoke batting - Pitching for Toledo Titans : RHP Ryoichi Maruyama
Batting: LHB Roberto Rodríguez 0-0: Ball
1-0: Ground out U3 (Groundball, 3S)
Batting: RHB Mal Bussard 0-0: Called Strike
0-1: Ball
1-1: Ball
2-1: Ball
3-1: Foul Ball, location: 2F
3-2: Base on Balls
Batting: LHB Mike Blue 0-0: Ball
1-0: Grounds into double play, 6-4-3 (Groundball, 6M)
Bottom of the 4th over - 0 run(s), 0 hit(s), 0 error(s), 0 left on base; Toledo 3 - Atlanta 2
TOP OF THE 5TH
Toledo Titans batting - Pitching for Atlanta Smoke : LHP Jesús Martínez
Batting: LHB Nathan Santos 0-0: Ball
1-0: Called Strike
1-1: Foul Ball, location: 2F
1-2: Ball
2-2: Foul Ball, location: 2F
2-2: Foul Ball, location: 2F
2-2: Foul Ball, location: 2F
2-2: Foul Ball, location: 2F
2-2: Hit by Pitch
Batting: LHB David Martínez 0-0: Fly out, F9 (Line Drive, 9LS)
Batting: LHB Michael Neely 0-0: Ball
1-0: Called Strike
1-1: Called Strike
1-2: Strikes out swinging
Batting: RHB Enrique Pérez 0-0: Ground out 6-3 (Groundball, 56)
Top of the 5th over - 0 run(s), 0 hit(s), 0 error(s), 1 left on base; Toledo 3 - Atlanta 2
BOTTOM OF THE 5TH
Atlanta Smoke batting - Pitching for Toledo Titans : RHP Ryoichi Maruyama
Batting: LHB Jesús Martínez 0-0: Called Strike
0-1: Ball
1-1: Ball
2-1: Ball
3-1: Swinging Strike
3-2: Strikes out swinging
Batting: LHB Egidio Agnolutto 0-0: Ground out 6-3 (Groundball, 6M)
Batting: RHB Júlio Castillo 0-0: Called Strike
0-1: Ground out 4-3 (Groundball, 4M)
Bottom of the 5th over - 0 run(s), 0 hit(s), 0 error(s), 0 left on base; Toledo 3 - Atlanta 2
TOP OF THE 6TH
Toledo Titans batting - Pitching for Atlanta Smoke : LHP Jesús Martínez
Batting: LHB Herman Hayes 0-0: Ball
1-0: Ball
2-0: Called Strike
2-1: Ball
3-1: Foul Ball, location: 2F
3-2: Foul Ball, location: 2F
3-2: Foul Ball, location: 2F
3-2: Foul Ball, location: 2F
3-2: Strikes out looking
Batting: LHB Salvador Vidal 0-0: Called Strike
0-1: Called Strike
0-2: Strikes out swinging
Batting: RHB Sherman Davis 0-0: Called Strike
0-1: Ball
1-1: Foul Ball, location: 2F
1-2: Foul Ball, location: 2F
1-2: Foul Ball, location: 2F
1-2: Foul Ball, location: 2F
1-2: Foul Ball, location: 2F
1-2: Ground out 5-3 (Groundball, 56S)
Top of the 6th over - 0 run(s), 0 hit(s), 0 error(s), 0 left on base; Toledo 3 - Atlanta 2
BOTTOM OF THE 6TH
Atlanta Smoke batting - Pitching for Toledo Titans : RHP Ryoichi Maruyama
Batting: RHB Chris Smith 0-0: Ball
1-0: Foul Ball, location: 2F
1-1: Ball
2-1: SINGLE (Line Drive, 9LS)
Batting: LHB Armando Esparza 0-0: Ball
1-0: Ground out 4-3 (Groundball, 4S)
Chris Smith to second
Batting: RHB Nate Cates 0-0: Ball
1-0: Foul Ball, location: 2F
1-1: Called Strike
1-2: Foul Ball, location: 2F
1-2: SINGLE (Line Drive, 4M)
Chris Smith to third
Batting: LHB Roberto Rodríguez 0-0: Ball
1-0: Called Strike
1-1: Foul Ball, location: 2F
1-2: Fielders Choice at 2nd, 4-6 (Groundball, 4)
Chris Smith scores
Batting: RHB Mal Bussard 0-0: Ball
1-0: Ball
2-0: Ball
3-0: Called Strike
3-1: Base on Balls
Roberto Rodríguez to second
Batting: LHB Mike Blue 0-0: Called Strike
0-1: Ball
1-1: SINGLE (Groundball, 34)
Roberto Rodríguez to third
Mal Bussard to second
Runner from 3rd tries for Home, SAFE, no throw or cutoff
Pinch Hitting: RHB Florian Cesaresco 0-0: Called Strike
0-1: Ground out U3 (Groundball, 3L)
Bottom of the 6th over - 2 run(s), 3 hit(s), 0 error(s), 2 left on base; Toledo 3 - Atlanta 4
TOP OF THE 7TH
Toledo Titans batting - Pitching for Atlanta Smoke : LHP Jesús Martínez
Pitching: RHP Cisco Cruz
Batting: RHB Ray Porch 0-0: Called Strike
0-1: Swinging Strike
0-2: Ground out 1-3 (Groundball, 13S)
Pinch Hitting: RHB Brad Brown 0-0: Ball
1-0: Ball
2-0: SINGLE (Groundball, 6MD)
Batting: LHB Nathan Santos 0-0: Foul Ball, location: 2F
0-1: Ball
1-1: SINGLE (Groundball, 4M)
Brad Brown to second
Batting: LHB David Martínez 0-0: Ball
1-0: 3-RUN HOME RUN (Flyball, 89XD), Distance : 428 ft
Pitching: RHP Lance Hodges
Batting: LHB Michael Neely 0-0: Swinging Strike
0-1: Foul Ball, location: 2F
0-2: Ball
1-2: Foul Ball, location: 2F
1-2: Foul Ball, location: 2F
1-2: Ball
2-2: Foul Ball, location: 2F
2-2: Ground out 6-3 (Groundball, 4M)
Batting: RHB Enrique Pérez 0-0: Called Strike
0-1: Ball
1-1: SINGLE (Groundball, 56D)
Batting: LHB Herman Hayes 0-0: Called Strike
0-1: Foul Ball, location: 2F
0-2: SINGLE (Groundball, 6MD)
Enrique Pérez to second
Batting: LHB Salvador Vidal 0-0: Ball
1-0: Fly out, F7 (Popup, 8LS)
Top of the 7th over - 3 run(s), 5 hit(s), 0 error(s), 2 left on base; Toledo 6 - Atlanta 4
BOTTOM OF THE 7TH
Atlanta Smoke batting - Pitching for Toledo Titans : RHP Ryoichi Maruyama
Pitching: RHP Adrián Ramos
Now at SS: Steve Ferguson
Batting: LHB Egidio Agnolutto 0-0: Called Strike
0-1: Foul Ball, location: 2F
0-2: Ball
1-2: Ball
2-2: Ball
3-2: Base on Balls
Batting: RHB Júlio Castillo 0-0: Ball
1-0: Ball
2-0: Called Strike
2-1: Ball
3-1: Swinging Strike
3-2: Grounds into double play, 1-4-3 (Groundball, 23)
Batting: RHB Chris Smith 0-0: Ground out 6-3 (Groundball, 6M)
Bottom of the 7th over - 0 run(s), 0 hit(s), 0 error(s), 0 left on base; Toledo 6 - Atlanta 4
TOP OF THE 8TH
Toledo Titans batting - Pitching for Atlanta Smoke : RHP Lance Hodges
Batting: RHB Sherman Davis 0-0: Fly out, F7 (Flyball, 7LM)
Batting: RHB Ray Porch 0-0: Ball
1-0: Ball
2-0: Swinging Strike
2-1: Ball
3-1: Base on Balls
Batting: RHB Steve Ferguson 0-0: Ball
1-0: Ball
2-0: Ball
3-0: Called Strike
3-1: Fly out, F8 (Flyball, 8RM)
Batting: LHB Nathan Santos 0-0: Fly out, F7 (Flyball, 7M)
Top of the 8th over - 0 run(s), 0 hit(s), 0 error(s), 1 left on base; Toledo 6 - Atlanta 4
BOTTOM OF THE 8TH
Atlanta Smoke batting - Pitching for Toledo Titans : RHP Adrián Ramos
Batting: LHB Armando Esparza 0-0: Ball
1-0: Ball
2-0: Ball
3-0: Base on Balls
Pitching: RHP Raúl Cavazos
Now in LF: Iván Gonzáles
Batting: RHB Nate Cates 0-0: Fly out, F8 (Flyball, 89XD)
Pitching: LHP Ron O'Slattery
Batting: LHB Roberto Rodríguez 0-0: Called Strike
0-1: Called Strike
0-2: Ball
1-2: Ball
2-2: Ball
3-2: Base on Balls
Armando Esparza to second
Pitching: RHP Luys Povoena
Batting: RHB Mal Bussard 0-0: Called Strike
0-1: Ball
1-1: Foul Ball, location: 2F
1-2: Grounds into double play, 5-4-3 (Groundball, 56)
Bottom of the 8th over - 0 run(s), 0 hit(s), 0 error(s), 1 left on base; Toledo 6 - Atlanta 4
TOP OF THE 9TH
Toledo Titans batting - Pitching for Atlanta Smoke : RHP Lance Hodges
Batting: LHB Iván Gonzáles 0-0: Ball
1-0: Ball
2-0: Swinging Strike
2-1: Ball
3-1: Base on Balls
Batting: LHB Michael Neely 0-0: Called Strike
0-1: Ball
1-1: SINGLE (Line Drive, 9S)
Iván Gonzáles to second
Batting: RHB Enrique Pérez 0-0: Called Strike
0-1: Foul Ball, location: 2F
0-2: DOUBLE (Flyball, 78XD)
Iván Gonzáles scores
Michael Neely to third
Batting: LHB Herman Hayes 0-0: Ball
1-0: Foul Ball, location: 2F
1-1: Ball
2-1: Called Strike
2-2: Fly out, F3 (Popup, 23F)
Pinch Hitting: RHB Miguel García 0-0: Called Strike
0-1: Ground out 4-3 (Groundball, 4)
Batting: RHB Sherman Davis 0-0: Called Strike
0-1: Called Strike
0-2: Ground out 6-3 (Groundball, 6)
Top of the 9th over - 1 run(s), 2 hit(s), 0 error(s), 2 left on base; Toledo 7 - Atlanta 4
BOTTOM OF THE 9TH
Atlanta Smoke batting - Pitching for Toledo Titans : RHP Luys Povoena
Pitching: RHP Dani Calderón
Batting: LHB Mike Blue 0-0: Foul Ball, location: 2F
0-1: Foul Ball, location: 2F
0-2: Ball
1-2: Ball
2-2: Fly out, F7 (Flyball, 7M)
Pinch Hitting: RHB Francisco Gonzáles 0-0: Ball
1-0: Ball
2-0: Called Strike
2-1: DOUBLE (Line Drive, 5D)
Batting: LHB Egidio Agnolutto 0-0: Ball
1-0: Swinging Strike
1-1: Ball
2-1: Ground out 1-3 (Groundball, 15)
Batting: RHB Júlio Castillo 0-0: Ground out 6-3 (Groundball, 6)
Bottom of the 9th over - 0 run(s), 1 hit(s), 0 error(s), 1 left on base; Toledo 7 - Atlanta 4
This league is powered by Out of the Park Baseball, the baseball management simulation game for PC, Mac and Linux
Monday, May 4th, 2015 - OOTP Baseball 15.6 Build 34